[ AOE2 MATCH · #507450245 ]
UnrankedDravidians vs Byzantines
[ REPLAY ANALYSIS · EXTRACTED FROM THE RECORDED GAME ]
Feudal
12:06
Castle
19:11
Imperial
—
| APM avg | 42.4 |
| APM peak | 76 |
| eAPM avg | 17.8 |
| Villagers / military | 33 / 110 |
Focus
⚔️ 31.5% · 🌾 68.5%
Elephant Archer ×69 · Galley ×36 · Fishing Ship ×36 · Armored Elephant ×5
Feudal
14:26
Castle
19:40
Imperial
—
| APM avg | 33.8 |
| APM peak | 62 |
| eAPM avg | 14.9 |
| Villagers / military | 57 / 10 |
Focus
⚔️ 27.3% · 🌾 72.7%
Fishing Ship ×7 · Monk ×5 · Mangonel ×3 · Cataphract ×2
Feudal
12:08
Castle
15:38
Imperial
27:16
| APM avg | 50.1 |
| APM peak | 166 |
| eAPM avg | 25.5 |
| Villagers / military | 82 / 55 |
Focus
⚔️ 21.7% · 🌾 78.3%
Archer ×37 · Fishing Ship ×26 · Unknown (2626) ×16 · Battering Ram ×10 · Trebuchet (Packed) ×4 · Bombard Cannon ×2
Feudal
15:01
Castle
21:59
Imperial
35:52
| APM avg | 28.8 |
| APM peak | 68 |
| eAPM avg | 16.2 |
| Villagers / military | 83 / 33 |
Focus
⚔️ 29.7% · 🌾 70.3%
Fishing Ship ×21 · Unknown (2626) ×14 · Battle Elephant ×12 · Fire Galley ×9 · Scout Cavalry ×4 · Knight ×3
Feudal
12:27
Castle
17:42
Imperial
—
| APM avg | 34.6 |
| APM peak | 74 |
| eAPM avg | 20.4 |
| Villagers / military | 141 / 31 |
Focus
⚔️ 24.1% · 🌾 75.9%
Fire Lancer ×30 · Fishing Ship ×10 · Iron Pagoda ×1
Feudal
11:06
Castle
18:55
Imperial
28:15
| APM avg | 16.1 |
| APM peak | 51 |
| eAPM avg | 11.9 |
| Villagers / military | 77 / 71 |
Focus
⚔️ 24.9% · 🌾 75.1%
Fire Lancer ×56 · Fishing Ship ×22 · Fire Galley ×12 · Unknown (1908) ×7 · Trebuchet (Packed) ×3
Feudal
13:43
Castle
26:19
Imperial
37:49
| APM avg | 34.1 |
| APM peak | 72 |
| eAPM avg | 23.6 |
| Villagers / military | 87 / 62 |
Focus
⚔️ 14.4% · 🌾 85.6%
Fishing Ship ×54 · Longboat ×45 · Galley ×15 · Fire Galley ×2 · Trade Cog ×1 · Unknown (2626) ×1
Feudal
15:22
Castle
19:41
Imperial
31:58
| APM avg | 23.1 |
| APM peak | 50 |
| eAPM avg | 15.3 |
| Villagers / military | 138 / 40 |
Focus
⚔️ 20.1% · 🌾 79.9%
Knight ×32 · Fishing Ship ×19 · Monk ×5 · Spearman ×3 · Unknown (2626) ×1
Match map
Initial resources + every placement click. Lines = walls · curves = elevation contours. ◆ gold · ⬟ stone · ● berries · ✦ relic · ◌ wall gap
Your base· ✓ Map-separated
survivorsteven's base· ✓ Map-separated
YMK414's base· ✓ Map-separated
帅气的孔's base· ✓ Closed at 21:59 · 21t walls · no gate
Harry's base· ✓ Map-separated
ChefboyRV's base· ✓ Map-separated
DrGameHer's base· ✓ Closed at 26:19 · 1t walls · no gate
vidsag's base· ✓ Map-separated
Smoothed initial terrain · ◌ = detected wall gap · hover for details
Inputs per minute
— Wiktor - - survivorsteven
Build order — Wiktor
First 150 of 244 actions detected
| 0:44 | Build | Dock |
| 1:39 | Build | Town Center |
| 2:21 | Queue | Fishing Ship |
| 2:22 | Queue | Fishing Ship |
| 2:50 | Queue | Villager (Male) |
| 2:50 | Queue | Villager (Male) |
| 2:55 | Queue | Villager (Male) |
| 3:15 | Queue | Villager (Male) |
| 3:16 | Queue | Villager (Male) |
| 3:28 | Queue | Villager (Male) |
| 3:28 | Queue | Villager (Male) |
| 3:45 | Build | House |
| 3:46 | Build | House |
| 4:20 | Queue | Villager (Male) |
| 4:21 | Queue | Fishing Ship |
| 4:21 | Queue | Fishing Ship |
| 4:21 | Queue | Fishing Ship |
| 4:42 | Build | House |
| 4:44 | Build | House |
| 5:04 | Queue | Fishing Ship |
| 5:04 | Queue | Fishing Ship |
| 5:33 | Queue | Villager (Male) |
| 5:35 | Queue | Fishing Ship |
| 5:59 | Queue | Fishing Ship |
| 6:00 | Queue | Villager (Male) |
| 6:30 | Queue | Villager (Male) |
| 6:31 | Queue | Fishing Ship |
| 6:44 | Queue | Villager (Male) |
| 6:49 | Queue | Villager (Male) |
| 6:57 | Build | Dock |
| 7:08 | Queue | Villager (Male) |
| 7:25 | Queue | Fishing Ship |
| 7:50 | Queue | Fishing Ship |
| 7:50 | Queue | Fishing Ship |
| 7:52 | Queue | Fishing Ship |
| 7:52 | Queue | Fishing Ship |
| 8:24 | Queue | Villager (Male) |
| 8:24 | Queue | Fishing Ship |
| 8:25 | Queue | Fishing Ship |
| 8:55 | Queue | Villager (Male) |
| 9:22 | Queue | Fishing Ship |
| 9:22 | Queue | Fishing Ship |
| 9:38 | Build | House |
| 9:40 | Build | House |
| 9:42 | Build | House |
| 9:56 | Research | Feudal Age |
| 9:57 | Research | Feudal Age |
| 9:57 | Research | Feudal Age |
| 10:22 | Queue | Fishing Ship |
| 10:22 | Queue | Fishing Ship |
| 10:40 | Build | Dock |
| 10:46 | Queue | Villager (Male) |
| 10:48 | Queue | Fishing Ship |
| 10:48 | Queue | Fishing Ship |
| 10:52 | Build | House |
| 10:52 | Build | House |
| 10:53 | Build | House |
| 11:35 | Queue | Fishing Ship |
| 11:35 | Queue | Fishing Ship |
| 11:36 | Queue | Fishing Ship |
| 12:06 | Age | Feudal Age |
| 12:08 | Build | Stone Wall |
| 12:12 | Build | Mill |
| 12:15 | Build | Blacksmith |
| 12:20 | Queue | Galley |
| 12:20 | Queue | Galley |
| 12:21 | Queue | Galley |
| 12:21 | Queue | Galley |
| 12:27 | Build | House |
| 12:33 | Build | Market |
| 12:36 | Queue | Villager (Male) |
| 12:56 | Queue | Villager (Male) |
| 13:05 | Research | Fletching |
| 13:08 | Queue | Galley |
| 13:08 | Queue | Galley |
| 13:08 | Queue | Galley |
| 13:09 | Queue | Galley |
| 13:09 | Queue | Galley |
| 13:12 | Queue | Villager (Male) |
| 13:35 | Queue | Villager (Male) |
| 13:39 | Queue | Galley |
| 13:40 | Queue | Galley |
| 13:40 | Queue | Galley |
| 13:53 | Queue | Villager (Male) |
| 14:12 | Queue | Villager (Male) |
| 14:42 | Queue | Galley |
| 14:43 | Queue | Galley |
| 14:43 | Queue | Galley |
| 14:43 | Queue | Galley |
| 14:43 | Queue | Galley |
| 14:50 | Queue | Villager (Male) |
| 15:29 | Queue | Galley |
| 15:39 | Queue | Villager (Male) |
| 16:31 | Research | Castle Age |
| 16:31 | Research | Castle Age |
| 16:38 | Queue | Galley |
| 16:38 | Queue | Galley |
| 16:39 | Queue | Galley |
| 16:39 | Queue | Galley |
| 16:39 | Queue | Galley |
| 17:49 | Queue | Villager (Male) |
| 17:59 | Queue | Galley |
| 18:00 | Queue | Galley |
| 18:00 | Queue | Galley |
| 18:00 | Queue | Galley |
| 18:51 | Queue | Villager (Male) |
| 19:11 | Age | Castle Age |
| 19:13 | Research | War Galley (upgrade) |
| 19:15 | Queue | Galley |
| 19:17 | Research | Bodkin Arrow |
| 19:17 | Research | Bodkin Arrow |
| 19:17 | Research | Bodkin Arrow |
| 19:22 | Queue | Villager (Male) |
| 19:22 | Queue | Villager (Male) |
| 19:38 | Build | Barracks |
| 19:48 | Build | House |
| 19:48 | Build | House |
| 19:49 | Build | House |
| 19:49 | Build | House |
| 19:50 | Build | House |
| 20:42 | Build | Archery Range |
| 20:43 | Build | Archery Range |
| 20:44 | Build | Archery Range |
| 20:45 | Build | Archery Range |
| 20:51 | Queue | Galley |
| 20:54 | Queue | Galley |
| 20:54 | Queue | Galley |
| 20:54 | Queue | Galley |
| 21:25 | Queue | Villager (Male) |
| 21:46 | Queue | Villager (Male) |
| 22:22 | Research | Thumb Ring |
| 22:30 | Queue | Elephant Archer |
| 22:31 | Queue | Elephant Archer |
| 22:31 | Queue | Elephant Archer |
| 22:31 | Queue | Elephant Archer |
| 22:42 | Queue | Villager (Male) |
| 22:55 | Queue | Elephant Archer |
| 22:55 | Queue | Elephant Archer |
| 22:56 | Queue | Elephant Archer |
| 23:09 | Queue | Fishing Ship |
| 23:11 | Queue | Fishing Ship |
| 23:11 | Queue | Fishing Ship |
| 23:12 | Queue | Fishing Ship |
| 23:12 | Queue | Fishing Ship |
| 23:51 | Build | Archery Range |
| 23:52 | Build | Archery Range |
| 24:05 | Queue | Galley |
| 24:06 | Queue | Galley |
| 24:06 | Queue | Galley |
| 24:06 | Queue | Galley |
Build order — survivorsteven
First 150 of 151 actions detected
| 0:10 | Build | Dock |
| 0:34 | Build | House |
| 1:02 | Queue | Fishing Ship |
| 2:29 | Build | House |
| 2:59 | Build | Town Center |
| 3:46 | Queue | Villager (Male) |
| 3:47 | Queue | Villager (Male) |
| 3:47 | Queue | Villager (Male) |
| 3:47 | Queue | Villager (Male) |
| 4:15 | Queue | Fishing Ship |
| 4:54 | Queue | Villager (Male) |
| 4:54 | Queue | Villager (Male) |
| 4:56 | Queue | Fishing Ship |
| 4:56 | Queue | Fishing Ship |
| 5:32 | Build | House |
| 5:35 | Build | House |
| 5:37 | Queue | Fishing Ship |
| 6:30 | Build | Palisade Wall |
| 6:59 | Research | Loom |
| 7:03 | Queue | Villager (Male) |
| 7:18 | Queue | Villager (Male) |
| 7:22 | Queue | Fishing Ship |
| 7:22 | Queue | Fishing Ship |
| 8:00 | Queue | Villager (Male) |
| 8:35 | Queue | Villager (Male) |
| 9:08 | Queue | Villager (Male) |
| 9:43 | Build | Town Center |
| 10:05 | Build | Palisade Wall |
| 10:14 | Build | House |
| 10:17 | Build | Palisade Wall |
| 10:28 | Build | Palisade Wall |
| 10:34 | Queue | Villager (Male) |
| 10:34 | Queue | Villager (Male) |
| 10:57 | Queue | Villager (Male) |
| 11:10 | Queue | Villager (Male) |
| 11:21 | Build | Lumber Camp |
| 12:02 | Build | Palisade Wall |
| 12:05 | Build | House |
| 12:16 | Research | Feudal Age |
| 12:42 | Build | Mill |
| 14:20 | Queue | Villager (Male) |
| 14:20 | Queue | Villager (Male) |
| 14:26 | Age | Feudal Age |
| 14:34 | Queue | Villager (Male) |
| 15:20 | Build | Dock |
| 15:25 | Queue | Villager (Male) |
| 15:49 | Build | Market |
| 15:52 | Build | Blacksmith |
| 16:22 | Queue | Villager (Male) |
| 16:45 | Build | Mining Camp |
| 17:00 | Research | Castle Age |
| 17:57 | Research | Double-Bit Axe |
| 18:19 | Build | Mill |
| 18:39 | Research | Gold Mining |
| 18:47 | Research | Horse Collar |
| 19:40 | Age | Castle Age |
| 19:44 | Build | Castle |
| 19:50 | Build | Palisade Wall |
| 19:51 | Build | Palisade Wall |
| 19:53 | Build | Palisade Wall |
| 20:17 | Queue | Villager (Male) |
| 20:18 | Queue | Villager (Male) |
| 20:48 | Build | Monastery |
| 20:56 | Research | Fletching |
| 20:57 | Queue | Villager (Male) |
| 21:25 | Build | Farm |
| 21:26 | Build | Farm |
| 21:28 | Build | Farm |
| 21:29 | Build | Farm |
| 21:55 | Queue | Villager (Male) |
| 21:59 | Queue | Villager (Male) |
| 21:59 | Queue | Villager (Male) |
| 22:12 | Research | Bodkin Arrow |
| 22:18 | Build | Lumber Camp |
| 22:28 | Queue | Monk |
| 22:38 | Queue | Villager (Male) |
| 22:42 | Build | Farm |
| 23:06 | Build | Gate |
| 23:07 | Build | Stone Wall |
| 23:17 | Build | Mill |
| 23:43 | Queue | Villager (Male) |
| 23:43 | Queue | Villager (Male) |
| 24:10 | Build | Stone Wall |
| 24:15 | Build | Stone Wall |
| 24:28 | Queue | Cataphract |
| 24:42 | Build | Siege Workshop |
| 24:48 | Build | Gate |
| 25:16 | Queue | Mangonel |
| 25:27 | Queue | Cataphract |
| 25:48 | Queue | Villager (Male) |
| 25:48 | Queue | Villager (Male) |
| 26:04 | Queue | Villager (Male) |
| 26:04 | Queue | Villager (Male) |
| 26:47 | Queue | Villager (Male) |
| 26:47 | Queue | Villager (Male) |
| 26:51 | Queue | Villager (Male) |
| 26:52 | Queue | Villager (Male) |
| 27:25 | Queue | Mangonel |
| 27:25 | Queue | Mangonel |
| 27:28 | Research | Bow Saw |
| 27:43 | Build | House |
| 27:45 | Build | House |
| 27:48 | Build | House |
| 27:50 | Build | House |
| 28:12 | Queue | Villager (Male) |
| 28:44 | Queue | Monk |
| 28:48 | Queue | Monk |
| 29:05 | Build | House |
| 29:14 | Queue | Villager (Male) |
| 31:35 | Build | Town Center |
| 32:40 | Build | Town Center |
| 33:11 | Queue | Villager (Male) |
| 33:11 | Queue | Villager (Male) |
| 33:11 | Queue | Villager (Male) |
| 33:46 | Build | Stone Wall |
| 34:15 | Queue | Villager (Male) |
| 34:25 | Build | Monastery |
| 34:26 | Build | House |
| 34:35 | Build | Town Center |
| 34:45 | Build | Stone Wall |
| 34:48 | Queue | Villager (Male) |
| 34:49 | Queue | Villager (Male) |
| 34:49 | Queue | Villager (Male) |
| 35:12 | Queue | Villager (Male) |
| 35:40 | Build | Stone Wall |
| 35:47 | Queue | Villager (Male) |
| 35:47 | Queue | Villager (Male) |
| 35:55 | Build | Farm |
| 35:56 | Build | Farm |
| 35:57 | Build | Farm |
| 35:58 | Build | Farm |
| 35:59 | Build | Farm |
| 36:02 | Build | Farm |
| 36:10 | Build | Stone Wall |
| 36:30 | Build | Stone Wall |
| 36:33 | Queue | Villager (Male) |
| 36:34 | Queue | Villager (Male) |
| 37:33 | Build | Barracks |
| 37:34 | Queue | Monk |
| 37:35 | Queue | Monk |
| 37:36 | Queue | Villager (Male) |
| 37:37 | Queue | Villager (Male) |
| 37:51 | Build | Stone Wall |
| 38:08 | Build | Stone Wall |
| 38:15 | Queue | Villager (Male) |
| 38:27 | Build | Mining Camp |
| 38:30 | Build | Farm |
| 38:38 | Build | Farm |
| 38:39 | Queue | Villager (Male) |
| 38:39 | Queue | Villager (Male) |
Build order — YMK414
First 150 of 314 actions detected
| 0:05 | Build | House |
| 0:38 | Build | Dock |
| 0:54 | Build | Town Center |
| 1:51 | Queue | Villager (Male) |
| 1:51 | Queue | Villager (Male) |
| 1:51 | Queue | Villager (Male) |
| 2:05 | Queue | Villager (Male) |
| 2:21 | Queue | Fishing Ship |
| 3:20 | Research | Loom |
| 3:32 | Build | House |
| 3:40 | Queue | Fishing Ship |
| 3:40 | Queue | Fishing Ship |
| 3:40 | Queue | Fishing Ship |
| 3:41 | Queue | Fishing Ship |
| 3:59 | Queue | Villager (Male) |
| 3:59 | Queue | Villager (Male) |
| 4:29 | Queue | Villager (Male) |
| 4:44 | Queue | Fishing Ship |
| 4:49 | Build | House |
| 5:00 | Queue | Villager (Male) |
| 5:00 | Queue | Villager (Male) |
| 5:35 | Queue | Fishing Ship |
| 5:42 | Queue | Villager (Male) |
| 5:53 | Build | Dock |
| 6:13 | Queue | Villager (Male) |
| 6:37 | Queue | Villager (Male) |
| 6:43 | Queue | Fishing Ship |
| 6:43 | Queue | Fishing Ship |
| 6:43 | Queue | Fishing Ship |
| 6:45 | Build | House |
| 7:00 | Queue | Villager (Male) |
| 7:22 | Build | Mill |
| 7:23 | Queue | Villager (Male) |
| 7:31 | Queue | Fishing Ship |
| 7:52 | Queue | Villager (Male) |
| 8:06 | Queue | Fishing Ship |
| 8:14 | Build | House |
| 8:16 | Queue | Fishing Ship |
| 8:18 | Queue | Villager (Male) |
| 8:28 | Queue | Villager (Male) |
| 8:57 | Build | Mining Camp |
| 9:01 | Queue | Villager (Male) |
| 9:05 | Queue | Fishing Ship |
| 9:17 | Queue | Villager (Male) |
| 9:18 | Queue | Fishing Ship |
| 9:39 | Queue | Fishing Ship |
| 9:54 | Research | Feudal Age |
| 10:01 | Build | Lumber Camp |
| 10:25 | Queue | Fishing Ship |
| 10:47 | Build | Dock |
| 11:10 | Queue | Villager (Male) |
| 11:13 | Build | House |
| 11:43 | Build | House |
| 12:08 | Age | Feudal Age |
| 12:09 | Build | Market |
| 12:16 | Build | Blacksmith |
| 12:18 | Queue | Villager (Male) |
| 12:26 | Build | House |
| 12:28 | Queue | Villager (Male) |
| 12:43 | Research | Double-Bit Axe |
| 12:54 | Research | Castle Age |
| 13:02 | Queue | Unit 2626 |
| 13:03 | Queue | Unit 2626 |
| 13:17 | Queue | Unit 2626 |
| 13:24 | Build | House |
| 13:29 | Research | Gold Mining |
| 13:38 | Queue | Unit 2626 |
| 13:55 | Queue | Unit 2626 |
| 14:07 | Queue | Unit 2626 |
| 14:07 | Queue | Unit 2626 |
| 14:16 | Build | House |
| 14:40 | Queue | Unit 2626 |
| 14:46 | Build | House |
| 14:47 | Build | House |
| 14:50 | Queue | Villager (Male) |
| 15:08 | Queue | Unit 2626 |
| 15:17 | Queue | Unit 2626 |
| 15:17 | Queue | Unit 2626 |
| 15:38 | Age | Castle Age |
| 15:40 | Research | War Galley (upgrade) |
| 15:47 | Build | Town Center |
| 15:49 | Queue | Villager (Male) |
| 16:06 | Queue | Villager (Male) |
| 16:06 | Research | Bow Saw |
| 16:52 | Research | Wheelbarrow |
| 16:55 | Queue | Villager (Male) |
| 16:55 | Queue | Villager (Male) |
| 17:02 | Build | Town Center |
| 17:39 | Queue | Villager (Male) |
| 17:40 | Queue | Villager (Male) |
| 17:43 | Queue | Fishing Ship |
| 17:43 | Queue | Fishing Ship |
| 17:43 | Queue | Fishing Ship |
| 17:47 | Research | Tech 906 |
| 17:49 | Queue | Villager (Male) |
| 17:54 | Research | Stone Mining |
| 18:05 | Queue | Unit 2626 |
| 18:16 | Queue | Villager (Male) |
| 18:24 | Queue | Fishing Ship |
| 18:25 | Queue | Fishing Ship |
| 18:47 | Queue | Villager (Male) |
| 18:54 | Queue | Villager (Male) |
| 18:58 | Queue | Villager (Male) |
| 19:00 | Queue | Fishing Ship |
| 19:03 | Queue | Fishing Ship |
| 19:08 | Build | Fish Trap |
| 19:10 | Research | Gillnets |
| 19:14 | Queue | Villager (Male) |
| 19:15 | Queue | Villager (Male) |
| 19:17 | Queue | Villager (Male) |
| 19:20 | Queue | Villager (Male) |
| 19:25 | Build | Mining Camp |
| 19:27 | Build | Outpost |
| 19:31 | Research | Stone Shaft Mining |
| 19:49 | Build | Lumber Camp |
| 19:51 | Queue | Villager (Male) |
| 20:05 | Build | Siege Workshop |
| 20:11 | Queue | Villager (Male) |
| 20:12 | Queue | Villager (Male) |
| 20:12 | Queue | Villager (Male) |
| 20:14 | Queue | Villager (Male) |
| 20:24 | Build | Watch Tower |
| 20:27 | Research | Fletching |
| 20:29 | Queue | Villager (Male) |
| 20:32 | Build | Fish Trap |
| 20:35 | Build | Fish Trap |
| 20:40 | Build | Fish Trap |
| 20:41 | Queue | Villager (Male) |
| 20:44 | Queue | Villager (Male) |
| 20:47 | Queue | Battering Ram |
| 20:47 | Queue | Battering Ram |
| 20:49 | Build | House |
| 20:49 | Build | House |
| 21:02 | Queue | Villager (Male) |
| 21:04 | Build | Mining Camp |
| 21:10 | Build | Mining Camp |
| 21:14 | Build | House |
| 21:18 | Queue | Villager (Male) |
| 21:19 | Queue | Villager (Male) |
| 21:19 | Queue | Villager (Male) |
| 21:22 | Queue | Battering Ram |
| 21:36 | Queue | Unit 2626 |
| 21:36 | Queue | Unit 2626 |
| 21:44 | Queue | Unit 2626 |
| 21:45 | Queue | Unit 2626 |
| 21:49 | Build | House |
| 21:52 | Queue | Villager (Male) |
| 21:54 | Queue | Villager (Male) |
| 21:55 | Queue | Villager (Male) |
| 21:56 | Queue | Villager (Male) |
Build order — 帅气的孔
First 150 of 271 actions detected
| 0:39 | Build | House |
| 2:07 | Build | Town Center |
| 3:04 | Queue | Villager (Male) |
| 3:04 | Queue | Villager (Male) |
| 3:04 | Queue | Villager (Male) |
| 3:05 | Queue | Villager (Male) |
| 3:27 | Build | House |
| 4:33 | Queue | Villager (Male) |
| 5:12 | Queue | Villager (Male) |
| 5:13 | Queue | Villager (Male) |
| 5:13 | Queue | Villager (Male) |
| 5:24 | Build | House |
| 6:04 | Queue | Villager (Male) |
| 6:04 | Queue | Villager (Male) |
| 6:48 | Queue | Villager (Male) |
| 6:50 | Queue | Villager (Male) |
| 7:15 | Build | Mining Camp |
| 7:29 | Queue | Villager (Male) |
| 7:45 | Build | Dock |
| 8:06 | Build | Dock |
| 8:12 | Queue | Villager (Male) |
| 8:20 | Build | Dock |
| 8:28 | Build | House |
| 8:35 | Queue | Fishing Ship |
| 8:44 | Queue | Fishing Ship |
| 8:48 | Queue | Villager (Male) |
| 8:53 | Build | House |
| 8:59 | Build | Farm |
| 9:01 | Build | Farm |
| 9:05 | Build | Farm |
| 9:13 | Research | Loom |
| 9:24 | Build | Lumber Camp |
| 9:29 | Queue | Fishing Ship |
| 9:37 | Queue | Fishing Ship |
| 9:38 | Queue | Fishing Ship |
| 9:39 | Queue | Villager (Male) |
| 10:08 | Queue | Villager (Male) |
| 10:25 | Queue | Fishing Ship |
| 10:31 | Queue | Fishing Ship |
| 10:31 | Queue | Fishing Ship |
| 10:33 | Queue | Villager (Male) |
| 10:37 | Build | House |
| 11:06 | Queue | Villager (Male) |
| 11:18 | Queue | Fishing Ship |
| 11:29 | Queue | Fishing Ship |
| 11:34 | Queue | Fishing Ship |
| 11:34 | Queue | Fishing Ship |
| 11:39 | Build | House |
| 11:40 | Build | House |
| 11:43 | Queue | Villager (Male) |
| 12:06 | Queue | Fishing Ship |
| 12:06 | Queue | Fishing Ship |
| 12:18 | Build | Barracks |
| 12:32 | Queue | Fishing Ship |
| 12:51 | Research | Feudal Age |
| 13:10 | Build | Palisade Wall |
| 13:16 | Build | Palisade Wall |
| 13:17 | Queue | Militia |
| 13:23 | Build | Palisade Wall |
| 13:27 | Build | Palisade Wall |
| 13:38 | Queue | Militia |
| 13:46 | Queue | Villager (Male) |
| 13:49 | Queue | Fishing Ship |
| 13:50 | Queue | Fishing Ship |
| 14:03 | Queue | Militia |
| 14:19 | Build | House |
| 14:21 | Build | Palisade Wall |
| 14:25 | Queue | Fishing Ship |
| 15:01 | Age | Feudal Age |
| 15:13 | Queue | Unit 2626 |
| 15:13 | Queue | Unit 2626 |
| 15:15 | Research | Tech 906 |
| 15:29 | Queue | Villager (Male) |
| 15:30 | Queue | Villager (Male) |
| 15:36 | Queue | Unit 2626 |
| 15:42 | Build | Farm |
| 15:57 | Research | Gold Mining |
| 16:01 | Research | Double-Bit Axe |
| 16:05 | Build | Farm |
| 16:08 | Queue | Villager (Male) |
| 16:09 | Research | Wheelbarrow |
| 16:14 | Queue | Unit 2626 |
| 16:28 | Queue | Unit 2626 |
| 16:28 | Queue | Unit 2626 |
| 17:05 | Queue | Unit 2626 |
| 17:05 | Queue | Unit 2626 |
| 17:06 | Queue | Villager (Male) |
| 17:06 | Queue | Villager (Male) |
| 17:07 | Queue | Villager (Male) |
| 17:17 | Build | Palisade Wall |
| 17:19 | Build | Palisade Wall |
| 17:20 | Queue | Villager (Male) |
| 17:33 | Queue | Unit 2626 |
| 17:39 | Build | House |
| 17:45 | Queue | Unit 2626 |
| 17:45 | Queue | Unit 2626 |
| 18:05 | Queue | Villager (Male) |
| 18:09 | Queue | Villager (Male) |
| 18:11 | Queue | Fishing Ship |
| 18:52 | Build | Dock |
| 18:54 | Queue | Villager (Male) |
| 19:19 | Research | Castle Age |
| 19:39 | Build | Mining Camp |
| 19:42 | Build | Stable |
| 19:43 | Build | Stable |
| 19:44 | Queue | Villager (Male) |
| 19:51 | Queue | Fire Galley |
| 19:54 | Queue | Fire Galley |
| 20:11 | Build | Dock |
| 20:34 | Queue | Villager (Male) |
| 20:36 | Queue | Villager (Male) |
| 20:49 | Queue | Villager (Male) |
| 21:08 | Build | Dock |
| 21:09 | Queue | Villager (Male) |
| 21:13 | Queue | Fishing Ship |
| 21:14 | Queue | Fishing Ship |
| 21:34 | Build | Blacksmith |
| 21:36 | Build | Mill |
| 21:45 | Build | Farm |
| 21:46 | Build | Farm |
| 21:47 | Build | Farm |
| 21:48 | Build | Farm |
| 21:52 | Build | Mill |
| 21:55 | Queue | Unit 2626 |
| 21:57 | Queue | Fire Galley |
| 21:59 | Age | Castle Age |
| 22:19 | Build | Castle |
| 22:26 | Research | Bloodlines |
| 22:27 | Research | Husbandry |
| 22:37 | Queue | Villager (Male) |
| 22:47 | Build | Town Center |
| 22:56 | Queue | Villager (Male) |
| 22:56 | Queue | Villager (Male) |
| 22:59 | Build | Lumber Camp |
| 23:08 | Queue | Fire Galley |
| 23:08 | Queue | Fire Galley |
| 23:34 | Queue | Knight |
| 23:35 | Queue | Knight |
| 24:07 | Queue | Villager (Male) |
| 24:07 | Queue | Villager (Male) |
| 24:26 | Queue | Villager (Male) |
| 24:28 | Queue | Villager (Male) |
| 25:04 | Queue | Villager (Male) |
| 25:05 | Queue | Villager (Male) |
| 25:12 | Build | House |
| 25:13 | Queue | Villager (Male) |
| 25:14 | Queue | Villager (Male) |
| 25:26 | Build | Farm |
| 25:27 | Build | Farm |
| 25:28 | Build | Farm |
Build order — Harry
First 150 of 313 actions detected
| 0:13 | Build | House |
| 0:19 | Build | Dock |
| 2:54 | Build | Town Center |
| 3:24 | Queue | Fishing Ship |
| 3:24 | Queue | Fishing Ship |
| 3:28 | Build | House |
| 3:29 | Build | House |
| 3:56 | Queue | Villager (Male) |
| 3:56 | Queue | Villager (Male) |
| 3:56 | Queue | Villager (Male) |
| 4:10 | Queue | Villager (Male) |
| 4:23 | Queue | Fishing Ship |
| 4:29 | Build | House |
| 4:55 | Queue | Fishing Ship |
| 5:36 | Queue | Villager (Male) |
| 5:46 | Queue | Villager (Male) |
| 5:49 | Queue | Fishing Ship |
| 5:49 | Queue | Fishing Ship |
| 6:25 | Build | Palisade Wall |
| 6:26 | Build | Palisade Wall |
| 6:30 | Build | Palisade Wall |
| 6:32 | Build | Palisade Wall |
| 6:33 | Build | Palisade Wall |
| 6:38 | Build | Palisade Wall |
| 6:40 | Build | Palisade Wall |
| 6:41 | Build | Palisade Wall |
| 6:44 | Queue | Villager (Male) |
| 7:02 | Queue | Villager (Male) |
| 7:02 | Queue | Villager (Male) |
| 7:04 | Queue | Fishing Ship |
| 7:13 | Build | Mining Camp |
| 7:33 | Queue | Villager (Male) |
| 7:55 | Queue | Villager (Male) |
| 8:10 | Build | Mill |
| 8:17 | Queue | Villager (Male) |
| 8:25 | Queue | Fishing Ship |
| 8:59 | Queue | Villager (Male) |
| 9:18 | Build | House |
| 10:15 | Queue | Villager (Male) |
| 10:16 | Queue | Villager (Male) |
| 10:17 | Research | Feudal Age |
| 10:41 | Build | Dock |
| 11:31 | Queue | Villager (Male) |
| 11:35 | Build | Mining Camp |
| 12:08 | Build | House |
| 12:12 | Build | House |
| 12:20 | Queue | Fishing Ship |
| 12:20 | Queue | Fishing Ship |
| 12:26 | Queue | Villager (Male) |
| 12:27 | Age | Feudal Age |
| 12:36 | Build | Market |
| 13:12 | Build | Blacksmith |
| 13:18 | Queue | Villager (Male) |
| 13:19 | Queue | Villager (Male) |
| 13:20 | Research | Loom |
| 13:50 | Queue | Villager (Male) |
| 14:44 | Build | Dock |
| 15:02 | Research | Castle Age |
| 16:04 | Research | Tech 906 |
| 16:09 | Build | Lumber Camp |
| 16:56 | Queue | Villager (Male) |
| 16:56 | Queue | Villager (Male) |
| 16:56 | Queue | Villager (Male) |
| 17:07 | Queue | Villager (Male) |
| 17:10 | Research | Gold Mining |
| 17:14 | Research | Double-Bit Axe |
| 17:20 | Research | Gold Mining |
| 17:31 | Build | Outpost |
| 17:35 | Research | Town Watch |
| 17:37 | Queue | Villager (Male) |
| 17:37 | Queue | Villager (Male) |
| 17:42 | Age | Castle Age |
| 17:53 | Build | Outpost |
| 17:57 | Queue | Villager (Male) |
| 18:27 | Queue | Villager (Male) |
| 18:27 | Queue | Villager (Male) |
| 18:34 | Build | Outpost |
| 18:55 | Build | Castle |
| 19:11 | Build | House |
| 19:23 | Queue | Villager (Male) |
| 19:23 | Queue | Villager (Male) |
| 20:07 | Queue | Villager (Male) |
| 20:07 | Queue | Villager (Male) |
| 20:35 | Build | Castle |
| 20:41 | Queue | Villager (Male) |
| 20:42 | Queue | Villager (Male) |
| 22:05 | Queue | Villager (Male) |
| 22:05 | Queue | Villager (Male) |
| 22:35 | Build | Palisade Gate |
| 22:45 | Build | House |
| 22:58 | Queue | Villager (Male) |
| 22:59 | Queue | Villager (Male) |
| 23:09 | Build | Town Center |
| 23:12 | Queue | Villager (Male) |
| 24:02 | Queue | Villager (Male) |
| 24:03 | Queue | Villager (Male) |
| 24:13 | Research | Horse Collar |
| 24:16 | Build | Farm |
| 24:17 | Build | Farm |
| 24:17 | Build | Farm |
| 24:17 | Build | Farm |
| 24:17 | Build | Farm |
| 24:17 | Build | Farm |
| 24:18 | Build | Farm |
| 24:21 | Queue | Villager (Male) |
| 24:44 | Queue | Villager (Male) |
| 24:44 | Queue | Villager (Male) |
| 25:02 | Queue | Villager (Male) |
| 25:02 | Queue | Villager (Male) |
| 25:06 | Build | Barracks |
| 25:08 | Build | Barracks |
| 25:15 | Queue | Villager (Male) |
| 25:15 | Queue | Villager (Male) |
| 25:52 | Queue | Villager (Male) |
| 25:53 | Queue | Villager (Male) |
| 26:08 | Queue | Fire Lancer |
| 26:08 | Queue | Fire Lancer |
| 26:08 | Queue | Fire Lancer |
| 26:09 | Queue | Fire Lancer |
| 26:09 | Queue | Fire Lancer |
| 26:10 | Queue | Fire Lancer |
| 26:11 | Queue | Villager (Male) |
| 26:18 | Build | Town Center |
| 26:25 | Queue | Villager (Male) |
| 26:25 | Queue | Villager (Male) |
| 26:28 | Build | Farm |
| 26:30 | Build | Farm |
| 26:31 | Build | Farm |
| 26:33 | Build | Farm |
| 26:40 | Queue | Villager (Male) |
| 26:40 | Queue | Villager (Male) |
| 26:46 | Queue | Fire Lancer |
| 26:47 | Queue | Fire Lancer |
| 27:00 | Queue | Villager (Male) |
| 27:00 | Queue | Villager (Male) |
| 27:23 | Queue | Villager (Male) |
| 27:27 | Queue | Villager (Male) |
| 27:33 | Queue | Fire Lancer |
| 27:33 | Queue | Fire Lancer |
| 27:36 | Queue | Fire Lancer |
| 27:36 | Queue | Fire Lancer |
| 27:45 | Queue | Villager (Male) |
| 27:48 | Build | Farm |
| 27:49 | Build | Farm |
| 27:49 | Build | Farm |
| 27:49 | Build | Farm |
| 27:49 | Build | Farm |
| 27:56 | Queue | Villager (Male) |
| 28:03 | Queue | Fire Lancer |
| 28:03 | Queue | Fire Lancer |
Build order — ChefboyRV
First 150 of 251 actions detected
| 1:06 | Build | Dock |
| 1:56 | Build | Town Center |
| 2:56 | Queue | Villager (Male) |
| 2:56 | Queue | Villager (Male) |
| 2:56 | Queue | Villager (Male) |
| 2:57 | Queue | Villager (Male) |
| 2:57 | Queue | Villager (Male) |
| 3:07 | Build | House |
| 3:25 | Queue | Fishing Ship |
| 3:46 | Build | House |
| 4:15 | Queue | Fishing Ship |
| 4:33 | Research | Loom |
| 4:42 | Queue | Fishing Ship |
| 4:57 | Queue | Villager (Male) |
| 5:00 | Queue | Villager (Male) |
| 5:00 | Queue | Villager (Male) |
| 5:00 | Queue | Villager (Male) |
| 5:48 | Build | Dock |
| 5:54 | Queue | Fishing Ship |
| 6:06 | Queue | Villager (Male) |
| 6:07 | Queue | Villager (Male) |
| 6:07 | Queue | Villager (Male) |
| 6:07 | Queue | Villager (Male) |
| 6:14 | Build | House |
| 6:22 | Queue | Villager (Male) |
| 6:46 | Queue | Fishing Ship |
| 6:51 | Queue | Villager (Male) |
| 6:55 | Queue | Fishing Ship |
| 7:14 | Queue | Villager (Male) |
| 7:47 | Queue | Fishing Ship |
| 7:47 | Queue | Villager (Male) |
| 7:57 | Queue | Fishing Ship |
| 7:59 | Queue | Fishing Ship |
| 8:12 | Build | House |
| 8:17 | Build | Mill |
| 8:36 | Queue | Fishing Ship |
| 8:56 | Research | Feudal Age |
| 8:56 | Research | Feudal Age |
| 8:57 | Research | Feudal Age |
| 9:24 | Build | Barracks |
| 9:35 | Queue | Fishing Ship |
| 9:54 | Queue | Fishing Ship |
| 10:21 | Queue | Fishing Ship |
| 10:26 | Queue | Fishing Ship |
| 10:59 | Build | House |
| 11:04 | Queue | Villager (Male) |
| 11:04 | Queue | Villager (Male) |
| 11:04 | Queue | Villager (Male) |
| 11:06 | Age | Feudal Age |
| 11:24 | Build | Mining Camp |
| 11:40 | Build | Lumber Camp |
| 11:44 | Build | House |
| 11:54 | Queue | Fire Galley |
| 12:04 | Queue | Villager (Male) |
| 12:06 | Research | Double-Bit Axe |
| 12:06 | Research | Double-Bit Axe |
| 12:06 | Research | Double-Bit Axe |
| 12:28 | Research | Gold Mining |
| 12:30 | Queue | Villager (Male) |
| 12:39 | Build | House |
| 13:02 | Queue | Fire Galley |
| 13:12 | Queue | Villager (Male) |
| 13:14 | Queue | Villager (Male) |
| 13:19 | Queue | Villager (Male) |
| 13:37 | Build | Blacksmith |
| 13:41 | Queue | Villager (Male) |
| 13:47 | Queue | Fire Galley |
| 13:48 | Queue | Fire Galley |
| 13:48 | Queue | Fire Galley |
| 14:14 | Queue | Fire Galley |
| 14:30 | Queue | Villager (Male) |
| 14:38 | Build | Market |
| 14:40 | Queue | Villager (Male) |
| 14:55 | Queue | Fire Galley |
| 15:14 | Queue | Fire Galley |
| 15:15 | Queue | Fire Galley |
| 15:33 | Build | House |
| 16:15 | Research | Castle Age |
| 16:15 | Research | Castle Age |
| 16:15 | Research | Castle Age |
| 16:53 | Research | Tech 906 |
| 17:38 | Build | Dock |
| 17:45 | Research | Stone Mining |
| 18:12 | Build | House |
| 18:55 | Age | Castle Age |
| 18:58 | Research | War Galley (upgrade) |
| 18:59 | Queue | Villager (Male) |
| 19:00 | Queue | Villager (Male) |
| 19:00 | Queue | Villager (Male) |
| 19:10 | Build | Castle |
| 19:31 | Research | Fletching |
| 19:41 | Queue | Fire Galley |
| 19:44 | Queue | Fire Galley |
| 19:44 | Queue | Fire Galley |
| 20:06 | Queue | Villager (Male) |
| 20:06 | Queue | Villager (Male) |
| 20:14 | Research | Bodkin Arrow |
| 20:14 | Research | Bodkin Arrow |
| 20:15 | Research | Bodkin Arrow |
| 20:44 | Build | Lumber Camp |
| 20:48 | Queue | Unit 1908 |
| 20:49 | Queue | Unit 1908 |
| 20:49 | Queue | Unit 1908 |
| 21:11 | Queue | Villager (Male) |
| 21:26 | Build | Dock |
| 21:46 | Queue | Unit 1908 |
| 21:53 | Queue | Villager (Male) |
| 21:54 | Queue | Villager (Male) |
| 21:57 | Research | Bow Saw |
| 21:57 | Research | Bow Saw |
| 22:15 | Queue | Villager (Male) |
| 22:31 | Queue | Unit 1908 |
| 22:51 | Queue | Villager (Male) |
| 22:52 | Queue | Villager (Male) |
| 23:29 | Build | Castle |
| 23:32 | Queue | Villager (Male) |
| 23:32 | Queue | Villager (Male) |
| 25:00 | Build | Mining Camp |
| 25:05 | Research | Imperial Age |
| 25:11 | Build | Town Center |
| 25:27 | Research | Horse Collar |
| 25:27 | Research | Horse Collar |
| 25:46 | Build | Mining Camp |
| 26:02 | Research | Gillnets |
| 26:03 | Queue | Fishing Ship ×5 |
| 26:08 | Queue | Fishing Ship |
| 26:14 | Build | Mining Camp |
| 26:21 | Research | Heavy Plow |
| 26:21 | Research | Heavy Plow |
| 26:21 | Research | Heavy Plow |
| 26:57 | Queue | Fishing Ship |
| 26:57 | Queue | Fishing Ship |
| 27:04 | Research | Wheelbarrow |
| 27:10 | Queue | Villager (Male) |
| 27:11 | Queue | Villager (Male) |
| 27:11 | Queue | Villager (Male) |
| 27:11 | Queue | Villager (Male) |
| 27:11 | Queue | Villager (Male) |
| 27:12 | Queue | Villager (Male) |
| 27:37 | Build | Farm |
| 27:38 | Build | Farm |
| 27:39 | Build | Farm |
| 27:40 | Build | Farm |
| 27:41 | Build | Farm |
| 27:43 | Build | Farm |
| 27:44 | Build | Farm |
| 28:15 | Age | Imperial Age |
| 28:19 | Queue | Trebuchet (Packed) |
| 28:30 | Queue | Unit 1908 |
| 28:31 | Queue | Unit 1908 |
Build order — DrGameHer
First 150 of 334 actions detected
| 0:04 | Build | House |
| 0:21 | Build | Dock |
| 1:01 | Build | House |
| 2:49 | Build | House |
| 2:55 | Queue | Fishing Ship |
| 4:28 | Build | Town Center |
| 4:46 | Queue | Fishing Ship |
| 5:03 | Queue | Fishing Ship |
| 5:50 | Queue | Villager (Male) |
| 5:51 | Queue | Villager (Male) |
| 5:51 | Queue | Villager (Male) |
| 6:15 | Queue | Villager (Male) |
| 6:26 | Queue | Fishing Ship |
| 7:05 | Queue | Fishing Ship |
| 7:23 | Queue | Villager (Male) |
| 7:41 | Build | Palisade Wall |
| 7:47 | Queue | Villager (Male) |
| 7:49 | Research | Loom |
| 8:01 | Queue | Fishing Ship |
| 8:13 | Queue | Villager (Male) |
| 8:55 | Queue | Fishing Ship |
| 8:56 | Queue | Fishing Ship |
| 9:13 | Queue | Villager (Male) |
| 9:13 | Queue | Villager (Male) |
| 9:23 | Build | Lumber Camp |
| 9:56 | Build | House |
| 10:08 | Build | House |
| 10:14 | Build | Dock |
| 10:41 | Queue | Fishing Ship |
| 10:43 | Queue | Villager (Male) |
| 10:58 | Queue | Villager (Male) |
| 11:04 | Build | Mining Camp |
| 11:14 | Build | House |
| 11:17 | Queue | Fishing Ship |
| 11:23 | Research | Feudal Age |
| 11:29 | Build | House |
| 12:00 | Queue | Villager (Male) |
| 12:09 | Build | House |
| 12:14 | Build | House |
| 12:37 | Build | Dock |
| 12:49 | Build | House |
| 13:33 | Build | House |
| 13:36 | Queue | Fishing Ship |
| 13:37 | Queue | Fishing Ship |
| 13:41 | Build | House |
| 13:43 | Age | Feudal Age |
| 13:48 | Queue | Unit 2626 |
| 13:49 | Queue | Galley |
| 13:58 | Queue | Villager (Male) |
| 14:05 | Build | House |
| 14:23 | Queue | Galley |
| 14:23 | Queue | Galley |
| 14:27 | Queue | Villager (Male) |
| 15:24 | Queue | Galley |
| 15:24 | Queue | Galley |
| 15:56 | Queue | Galley |
| 15:56 | Queue | Galley |
| 15:57 | Queue | Trade Cog |
| 15:59 | Queue | Villager (Male) |
| 15:59 | Queue | Villager (Male) |
| 15:59 | Queue | Villager (Male) |
| 16:05 | Build | House |
| 16:22 | Queue | Galley |
| 16:23 | Queue | Galley |
| 16:29 | Queue | Galley |
| 16:30 | Queue | Galley |
| 16:59 | Queue | Villager (Male) |
| 17:02 | Build | Blacksmith |
| 17:04 | Research | Double-Bit Axe |
| 17:17 | Queue | Villager (Male) |
| 17:28 | Queue | Fire Galley |
| 17:28 | Queue | Fire Galley |
| 17:48 | Build | Dock |
| 18:02 | Queue | Villager (Male) |
| 18:08 | Build | House |
| 18:11 | Build | House |
| 18:17 | Queue | Villager (Male) |
| 18:31 | Queue | Fishing Ship |
| 18:31 | Queue | Fishing Ship |
| 19:08 | Queue | Galley |
| 19:14 | Queue | Villager (Male) |
| 19:15 | Queue | Villager (Male) |
| 19:15 | Queue | Villager (Male) |
| 19:20 | Build | Blacksmith |
| 19:26 | Build | House |
| 19:26 | Build | House |
| 19:27 | Build | House |
| 19:37 | Queue | Villager (Male) |
| 19:50 | Build | Mill |
| 20:25 | Build | Lumber Camp |
| 20:37 | Queue | Villager (Male) |
| 20:57 | Queue | Galley |
| 21:15 | Queue | Fishing Ship |
| 21:16 | Research | Tech 906 |
| 21:18 | Queue | Villager (Male) |
| 21:31 | Build | House |
| 21:33 | Queue | Villager (Male) |
| 21:36 | Build | House |
| 22:01 | Queue | Villager (Male) |
| 22:07 | Build | Market |
| 22:23 | Queue | Galley |
| 22:23 | Queue | Galley |
| 22:25 | Queue | Fishing Ship |
| 22:25 | Queue | Fishing Ship |
| 22:34 | Build | House |
| 22:42 | Queue | Villager (Male) |
| 22:44 | Build | House |
| 22:47 | Queue | Villager (Male) |
| 23:39 | Research | Castle Age |
| 23:49 | Queue | Villager (Male) |
| 24:50 | Build | Dock |
| 24:54 | Queue | Villager (Male) |
| 25:05 | Build | Mill |
| 25:12 | Research | Horse Collar |
| 25:18 | Build | Farm |
| 25:20 | Build | Farm |
| 25:20 | Build | Farm |
| 25:21 | Build | Farm |
| 25:21 | Build | Farm |
| 25:21 | Build | Farm |
| 25:21 | Build | Farm |
| 25:22 | Build | Farm |
| 25:24 | Build | Farm |
| 25:24 | Build | Farm |
| 25:25 | Build | Farm |
| 25:25 | Build | Farm |
| 25:25 | Build | Farm |
| 25:25 | Build | Farm |
| 25:26 | Build | Farm |
| 25:39 | Build | Farm |
| 25:40 | Build | Farm |
| 25:40 | Build | Farm |
| 25:41 | Build | Farm |
| 26:19 | Build | Dock |
| 26:19 | Age | Castle Age |
| 26:30 | Queue | Villager (Male) |
| 26:40 | Build | Dock |
| 26:45 | Queue | Fishing Ship |
| 26:51 | Research | Bow Saw |
| 27:06 | Queue | Longboat |
| 27:07 | Queue | Longboat |
| 27:13 | Queue | Longboat |
| 27:14 | Queue | Longboat |
| 27:19 | Queue | Villager (Male) |
| 27:32 | Research | Fletching |
| 27:32 | Research | Fletching |
| 27:49 | Queue | Longboat ×2 |
| 27:49 | Queue | Longboat ×2 |
| 27:49 | Queue | Longboat ×2 |
| 27:52 | Build | House |
Build order — vidsag
First 150 of 329 actions detected
| 0:03 | Build | Town Center |
| 0:09 | Build | Dock |
| 0:11 | Build | House |
| 0:51 | Queue | Villager (Male) |
| 0:53 | Queue | Fishing Ship |
| 1:00 | Queue | Villager (Male) |
| 1:08 | Queue | Villager (Male) |
| 1:59 | Queue | Villager (Male) |
| 2:03 | Queue | Villager (Male) |
| 2:10 | Queue | Fishing Ship |
| 2:25 | Queue | Villager (Male) |
| 2:25 | Queue | Villager (Male) |
| 2:37 | Queue | Villager (Male) |
| 2:50 | Build | House |
| 2:55 | Queue | Fishing Ship |
| 2:56 | Queue | Villager (Male) |
| 3:26 | Queue | Fishing Ship |
| 3:53 | Queue | Fishing Ship |
| 4:16 | Queue | Villager (Male) |
| 4:29 | Build | House |
| 4:33 | Research | Loom |
| 4:55 | Queue | Villager (Male) |
| 4:57 | Queue | Fishing Ship |
| 5:24 | Queue | Villager (Male) |
| 5:58 | Queue | Villager (Male) |
| 6:25 | Build | Town Center |
| 6:45 | Build | House |
| 6:47 | Build | House |
| 7:03 | Queue | Fishing Ship |
| 7:06 | Build | House |
| 7:15 | Queue | Villager (Male) |
| 7:35 | Queue | Villager (Male) |
| 7:45 | Queue | Villager (Male) |
| 8:08 | Build | House |
| 8:23 | Queue | Villager (Male) |
| 8:52 | Queue | Villager (Male) |
| 8:54 | Queue | Villager (Male) |
| 9:44 | Queue | Villager (Male) |
| 9:44 | Queue | Villager (Male) |
| 10:15 | Build | Lumber Camp |
| 10:20 | Queue | Villager (Male) |
| 10:40 | Queue | Villager (Male) |
| 10:46 | Build | House |
| 10:48 | Queue | Villager (Male) |
| 10:54 | Build | Mill |
| 10:54 | Queue | Villager (Male) |
| 11:18 | Queue | Villager (Male) |
| 11:55 | Queue | Villager (Male) |
| 12:18 | Queue | Villager (Male) |
| 12:20 | Research | Feudal Age |
| 12:26 | Build | Farm |
| 12:27 | Build | Farm |
| 12:27 | Build | Farm |
| 12:27 | Build | Farm |
| 12:28 | Build | Farm |
| 12:29 | Build | Farm |
| 12:51 | Queue | Villager (Male) |
| 13:08 | Build | Farm |
| 13:09 | Queue | Villager (Male) |
| 13:14 | Build | House |
| 13:16 | Build | House |
| 13:39 | Queue | Villager (Male) |
| 13:59 | Queue | Villager (Male) |
| 14:05 | Build | Farm |
| 14:07 | Build | Farm |
| 14:07 | Build | Farm |
| 14:08 | Build | Farm |
| 14:08 | Build | Farm |
| 14:08 | Build | Farm |
| 14:37 | Queue | Villager (Male) |
| 14:49 | Build | Mining Camp |
| 15:22 | Age | Feudal Age |
| 15:31 | Queue | Villager (Male) |
| 15:40 | Build | Mill |
| 15:42 | Build | Farm |
| 15:43 | Build | Farm |
| 15:43 | Build | Farm |
| 16:01 | Build | Blacksmith |
| 16:11 | Queue | Villager (Male) |
| 16:16 | Build | Market |
| 16:52 | Queue | Villager (Male) |
| 16:57 | Build | House |
| 17:16 | Research | Castle Age |
| 17:24 | Build | Lumber Camp |
| 18:15 | Queue | Fishing Ship |
| 18:15 | Queue | Fishing Ship |
| 18:38 | Research | Double-Bit Axe |
| 19:00 | Queue | Villager (Male) |
| 19:41 | Age | Castle Age |
| 19:42 | Queue | Villager (Male) |
| 19:58 | Build | Dock |
| 20:04 | Build | Town Center |
| 20:11 | Build | Monastery |
| 20:25 | Queue | Villager (Male) |
| 20:26 | Queue | Villager (Male) |
| 20:38 | Build | House |
| 20:49 | Queue | Monk |
| 20:49 | Queue | Monk |
| 21:20 | Queue | Villager (Male) |
| 21:21 | Queue | Villager (Male) |
| 21:41 | Build | House |
| 22:03 | Build | Town Center |
| 22:11 | Build | House |
| 22:12 | Build | House |
| 22:13 | Build | House |
| 22:18 | Queue | Villager (Male) |
| 22:54 | Queue | Villager (Male) |
| 22:57 | Queue | Villager (Male) |
| 22:57 | Queue | Villager (Male) |
| 22:57 | Queue | Villager (Male) |
| 22:59 | Queue | Villager (Male) |
| 23:33 | Queue | Villager (Male) |
| 23:34 | Queue | Villager (Male) |
| 24:04 | Queue | Villager (Male) |
| 24:06 | Queue | Villager (Male) |
| 24:06 | Queue | Villager (Male) |
| 24:15 | Queue | Villager (Male) |
| 24:15 | Queue | Villager (Male) |
| 24:17 | Research | Horse Collar |
| 24:18 | Research | Bow Saw |
| 24:24 | Queue | Fishing Ship |
| 24:24 | Queue | Fishing Ship |
| 24:28 | Queue | Villager (Male) |
| 24:31 | Queue | Fishing Ship |
| 24:32 | Queue | Fishing Ship |
| 24:43 | Research | Wheelbarrow |
| 24:51 | Build | Lumber Camp |
| 25:04 | Queue | Villager (Male) |
| 25:04 | Queue | Villager (Male) |
| 25:06 | Research | Town Watch |
| 25:07 | Queue | Villager (Male) |
| 25:23 | Queue | Villager (Male) |
| 25:23 | Queue | Villager (Male) |
| 25:38 | Build | Mill |
| 25:42 | Research | Gold Mining |
| 25:45 | Queue | Villager (Male) |
| 25:45 | Queue | Villager (Male) |
| 25:50 | Queue | Fishing Ship |
| 25:50 | Queue | Fishing Ship |
| 25:55 | Research | Tech 906 |
| 25:58 | Queue | Villager (Male) |
| 25:58 | Queue | Villager (Male) |
| 26:00 | Build | House |
| 26:01 | Build | House |
| 26:02 | Build | House |
| 26:25 | Queue | Villager (Male) |
| 26:25 | Queue | Villager (Male) |
| 26:36 | Queue | Villager (Male) |
| 26:36 | Queue | Villager (Male) |
| 26:43 | Build | House |
Match timeline
| 0:09 | vidsag · first_building Dock |
| 0:10 | survivorsteven · first_building Dock |
| 0:19 | Harry · first_building Dock |
| 0:21 | DrGameHer · first_building Dock |
| 0:38 | YMK414 · first_building Dock |
| 0:44 | Wiktor · first_building Dock |
| 1:06 | ChefboyRV · first_building Dock |
| 6:25 | Harry · wall_segment Palisade Wall x1 |
| 6:26 | Harry · wall_segment Palisade Wall x1 |
| 6:30 | Harry · wall_segment Palisade Wall x1 |
| 6:30 | survivorsteven · wall_segment Palisade Wall x2 |
| 6:32 | Harry · wall_segment Palisade Wall x1 |
| 6:33 | Harry · wall_segment Palisade Wall x2 |
| 6:38 | Harry · wall_segment Palisade Wall x1 |
| 6:40 | Harry · wall_segment Palisade Wall x1 |
| 6:41 | Harry · wall_segment Palisade Wall x1 |
| 7:41 | DrGameHer · wall_segment Palisade Wall x1 |
| 7:45 | 帅气的孔 · first_building Dock |
| 9:24 | ChefboyRV · first_building Barracks |
| 10:05 | survivorsteven · wall_segment Palisade Wall x6 |
| 10:17 | survivorsteven · wall_segment Palisade Wall x5 |
| 10:28 | survivorsteven · wall_segment Palisade Wall x9 |
| 11:06 | ChefboyRV · age_up feudal |
| 12:02 | survivorsteven · wall_segment Palisade Wall x3 |
| 12:06 | Wiktor · age_up feudal |
| 12:08 | YMK414 · age_up feudal |
| 12:08 | Wiktor · wall_segment Stone Wall x1 |
| 12:18 | 帅气的孔 · first_building Barracks |
| 12:27 | Harry · age_up feudal |
| 13:04 | Wiktor · first_market_sell 100 food |
| 13:10 | 帅气的孔 · wall_segment Palisade Wall x1 |
| 13:16 | 帅气的孔 · wall_segment Palisade Wall x1 |
| 13:23 | 帅气的孔 · wall_segment Palisade Wall x1 |
| 13:27 | 帅气的孔 · wall_segment Palisade Wall x1 |
| 13:43 | DrGameHer · age_up feudal |
| 14:21 | 帅气的孔 · wall_segment Palisade Wall x8 |
| 14:26 | survivorsteven · age_up feudal |
| 15:01 | 帅气的孔 · age_up feudal |
| 15:22 | vidsag · age_up feudal |
| 15:34 | YMK414 · first_market_buy 100 wood |
| 15:38 | YMK414 · age_up castle |
| 16:28 | Wiktor · first_market_buy 100 food |
| 17:10 | vidsag · first_market_sell 100 food |
| 17:17 | 帅气的孔 · wall_segment Palisade Wall x7 |
| 17:19 | 帅气的孔 · wall_segment Palisade Wall x3 |
| 17:42 | Harry · age_up castle |
| 18:43 | survivorsteven · first_market_buy 100 food |
| 18:44 | survivorsteven · first_market_sell 100 wood |
| 18:55 | ChefboyRV · age_up castle |
| 18:55 | Harry · first_building Castle |
| 19:10 | ChefboyRV · first_building Castle |
| 19:11 | Wiktor · age_up castle |
| 19:38 | Wiktor · first_building Barracks |
| 19:40 | survivorsteven · age_up castle |
| 19:41 | vidsag · age_up castle |
| 19:42 | 帅气的孔 · first_building Stable |
| 19:44 | survivorsteven · first_building Castle |
| 19:50 | survivorsteven · wall_segment Palisade Wall x1 |
| 19:51 | survivorsteven · wall_segment Palisade Wall x1 |
| 19:53 | survivorsteven · wall_segment Palisade Wall x1 |
| 20:05 | YMK414 · first_building Siege Workshop |
| 20:11 | vidsag · first_building Monastery |
| 20:26 | Harry · first_market_buy 100 stone |
| 20:42 | Wiktor · first_building Archery Range |
| 20:48 | survivorsteven · first_building Monastery |
| 21:57 | vidsag · first_market_buy 100 stone |
| 21:59 | 帅气的孔 · age_up castle |
| 22:19 | 帅气的孔 · first_building Castle |
| 23:07 | survivorsteven · wall_segment Stone Wall x1 |
| 23:27 | DrGameHer · first_market_buy 100 food |
| 23:30 | DrGameHer · first_market_sell 100 wood |
| 24:10 | survivorsteven · wall_segment Stone Wall x8 |
| 24:15 | survivorsteven · wall_segment Stone Wall x3 |
| 24:42 | survivorsteven · first_building Siege Workshop |
| 25:06 | Harry · first_building Barracks |
| 25:53 | YMK414 · first_building Barracks |
| 26:19 | DrGameHer · age_up castle |
| 27:01 | YMK414 · first_building Castle |
| 27:05 | YMK414 · first_building Archery Range |
| 27:05 | 帅气的孔 · wall_segment Stone Wall x8 |
| 27:16 | YMK414 · age_up imperial |
| 27:18 | Wiktor · first_building Siege Workshop |
| 27:35 | vidsag · first_building Siege Workshop |
| 28:15 | ChefboyRV · age_up imperial |
| 29:46 | Harry · first_building Siege Workshop |
| 30:32 | ChefboyRV · wall_segment Stone Wall x11 |
| 30:55 | 帅气的孔 · wall_segment Stone Wall x16 |
| 31:00 | ChefboyRV · wall_segment Stone Wall x9 |
| 31:46 | vidsag · first_building Barracks |
| 31:58 | vidsag · age_up imperial |
| 32:27 | Harry · tribute_sent a jugador 1 |
| 32:27 | Harry · tribute_sent a jugador 2 |
| 32:27 | Harry · tribute_sent a jugador 3 |
| 32:27 | Harry · tribute_sent a jugador 4 |
| 32:27 | Harry · tribute_sent a jugador 6 |
| 32:27 | Harry · tribute_sent a jugador 7 |
| 32:27 | Harry · tribute_sent a jugador 8 |
| 32:36 | vidsag · first_building Archery Range |
| 33:41 | vidsag · first_building Stable |
| 33:46 | survivorsteven · wall_segment Stone Wall x1 |
| 34:33 | 帅气的孔 · first_building Siege Workshop |
| 34:45 | survivorsteven · wall_segment Stone Wall x6 |
| 35:16 | vidsag · first_building Castle |
| 35:40 | survivorsteven · wall_segment Stone Wall x4 |
| 35:52 | 帅气的孔 · age_up imperial |
| 36:10 | survivorsteven · wall_segment Stone Wall x4 |
| 36:30 | survivorsteven · wall_segment Stone Wall x9 |
| 37:21 | 帅气的孔 · first_market_sell 100 food |
| 37:33 | survivorsteven · first_building Barracks |
| 37:49 | DrGameHer · age_up imperial |
| 37:51 | survivorsteven · wall_segment Stone Wall x7 |
| 38:06 | 帅气的孔 · wall_segment Stone Wall x1 |
| 38:08 | survivorsteven · wall_segment Stone Wall x4 |
| 38:10 | 帅气的孔 · wall_segment Stone Wall x1 |
| 38:16 | ChefboyRV · first_market_sell 500 food |
| 38:19 | DrGameHer · first_building Castle |
| 39:01 | survivorsteven · resign |
| 39:02 | ChefboyRV · first_market_buy 100 stone |
[ AI ANALYSIS · 1 CREDIT ]
What really happened in this match?
Wolo.gg analyzes every decision: build order, eco, micro, common mistakes by bracket. Personalized analysis on WhatsApp or Discord in 30 seconds.
Civ guide
Dravidians
Perfil
Jugador #12416282